 Dungeon Crawl Stone Soup version 0.28-a0-1447-ga5a8893891 (webtiles) character file.

Game seed: 15003219836825083452

179 HallandMoats the Skirmisher (level 5, -1/42 HPs)
             Began as a Demonspawn Fighter on Jan 11, 2022.
             Killed by nerve-wracking pain
             ... invoked by Grinder
              (7 damage)
             ... while paralysed by Grinder
             ... on level 3 of the Dungeon.
             The game lasted 00:03:22 (3316 turns).

HallandMoats the Skirmisher (Demonspawn Fighter)    Turns: 3316, Time: 00:03:23

Health: -1/42      AC:  8    Str: 18    XL:     5   Next: 32%
Magic:  5/5        EV:  2    Int: 10    God:
Gold:   154        SH:  0    Dex: 12    Spells: 4/4 levels left

rFire   + . .      SeeInvis .   a - +0 war axe
rCold   . . .      Faith    .   c - +0 buckler
rNeg    . . .      Spirit   .   b - +0 scale mail
rPois   .          Reflect  .   (helmet restricted)
rElec   .          Harm     .   (no cloak)
rCorr   .          Rampage  .   i - +0 pair of gloves
Will    .....                   (no boots)
Stlth   ..........              (no amulet)
HPRegen 0.14/turn               n - ring of protection from fire
MPRegen 0.09/turn               (no ring)

@: paralysed, mighty
A: antennae 1, sturdy frame 1
a: no special abilities


You were on level 3 of the Dungeon.
You visited 1 branch of the dungeon, and saw 4 of its levels.

You collected 154 gold pieces.

Inventory:

Hand Weapons
 a - a +0 war axe (weapon)
Armour
 b - a +0 scale mail (worn)
 c - a +0 buckler (worn)
 i - a +0 pair of gloves (worn)
Jewellery
 n - a ring of protection from fire (left hand)
Wands
 k - a wand of flame (10)
Scrolls
 f - a scroll of enchant weapon {unknown}
 h - a scroll of immolation {unknown}
 j - a scroll of identify {unknown}
 m - 2 scrolls of noise {unknown}
Potions
 e - 2 potions of curing {unknown}
 g - a potion of berserk rage {unknown}
 l - a potion of cancellation {unknown}


   Skills:
 * Level 4.1 Fighting
 * Level 3.0 Axes
 + Level 3.2 Armour
 + Level 1.3 Dodging
 + Level 3.3 Shields


You had 4 spell levels left.
You didn't know any spells.
Your spell library was empty.

Dungeon Overview and Level Annotations

Branches:
Dungeon (4/15)
 Temple: D:4-7

Altars:
Fedhas
Uskayaw

Shops:
D:1 (

Annotations:
D:3 Grinder


Innate Abilities, Weirdness & Mutations

You have a pair of small antennae on your head.
Your movements are slightly less encumbered by armour. (ER -2)


Message History

Grinder is heavily wounded.
You block Grinder's attack.
You barely miss Grinder.
Grinder is heavily wounded.
Grinder barely misses you. Grinder gestures at you.
You suddenly lose the ability to move!
Grinder hits you but does no damage. x2
Grinder gestures at you.
You shrug off the repeated paralysis!
Grinder blinks!
You can move again.
Found 14 stones.
Items here: ( )) †.
Grinder closely misses you.
You closely miss Grinder.
Grinder is heavily wounded.
Grinder closely misses you. Grinder hits you but does no damage.
You closely miss Grinder.
Grinder is moderately wounded.
You block Grinder's attack.
You hit Grinder.
Grinder is heavily wounded.
Grinder gestures at you. Pain shoots through your body!
Grinder hits you but does no damage.
You completely miss Grinder.
Grinder is heavily wounded.
Grinder hits you.
You slash Grinder!
Grinder is severely wounded.
Grinder gestures at you. Pain shoots through your body!
Grinder blinks!
Grinder gestures at you. Pain shoots through your body!
* * * LOW HITPOINT WARNING * * *
Grinder gestures at you.
You suddenly lose the ability to move!
Grinder gestures at you. Pain shoots through your body!
You die...

#..# #..# # #..# . #.###
#..# .. #.... #..####.# #.
#.......#. #. #. #.........
#.##. #.. #(@....... #.###
#.. #####..#...... #.#
#..##...5..#...... #.#
#............#+##+#####.#
#..##.####)#............###
##..........................
#......####.#.#.###......###
#.............#.# #.<....#
#..#.######.#.# # #......#


You could see Grinder.

Vanquished Creatures
  Natasha (thrice) (D:2)
  3 adders
  2 worms (D:2)
  2 dart slugs (D:1)
  An orc (D:4)
  2 ball pythons
  6 endoplasms
  3 giant cockroaches
  11 goblins
  5 hobgoblins
  2 jackals (D:3)
  7 kobolds
  4 quokkas
  3 bats
  4 frilled lizards
  5 rats
63 creatures vanquished.

Notes
Turn   | Place    | Note
-------+----------+-------------------------------------------
     0 | D:1      | HallandMoats the Demonspawn Fighter began the quest for the
                  | Orb.
     0 | D:1      | Reached XP level 1. HP: 18/18 MP: 1/1
   335 | D:1      | Gained mutation: You have a pair of small antennae on your
                  | head. [demonic ancestry]
   335 | D:1      | Reached XP level 2. HP: 20/24 MP: 2/2
   633 | D:1      | Found Ecrewni's Weapon Shop.
   663 | D:1      | Reached XP level 3. HP: 23/29 MP: 3/3
  1770 | D:2      | Gained mutation: Your movements are slightly less
                  | encumbered by armour. (ER -2) [demonic ancestry]
  1770 | D:2      | Reached XP level 4. HP: 37/37 MP: 4/4
  1868 | D:2      | You fall into a shaft and drop 2 floors!
  1890 | D:4      | Found a blossoming altar of Fedhas.
  1940 | D:3      | Reached skill level 1 in Dodging
  1947 | D:3      | Noticed a +0 short sword
  1947 | D:3      | Noticed a +0 falchion
  1948 | D:3      | Noticed a +0 spear
  1989 | D:3      | Noticed a +0 dagger
  1990 | D:3      | Noticed a +0 spear
  1991 | D:3      | Noticed a +0 falchion
  1992 | D:3      | Noticed a +0 dagger
  1992 | D:3      | Noticed a +0 short sword
  2011 | D:3      | Found a hide-covered altar of Uskayaw.
  2288 | D:2      | Noticed Natasha
  2303 | D:2      | Killed Natasha
  2569 | D:2      | Noticed Natasha
  2580 | D:2      | Killed Natasha
  2581 | D:2      | Reached skill level 4 in Fighting
  2581 | D:2      | Reached XP level 5. HP: 5/42 MP: 5/5
  2905 | D:2      | Noticed Natasha
  3211 | D:2      | Killed Natasha
  3288 | D:3      | Noticed Grinder
  3299 | D:3      | Paralysed by Grinder for 7 turns
  3315 | D:3      | Paralysed by Grinder for 5 turns
  3316 | D:3      | Killed from afar by Grinder

Illustrated notes

Levels and vault maps discovered:
D:1:      roderic_octagonal_star, layout_basic, serial_shops,
          nicolae_shop_bloodbath_and_beyond
D:2:      layout_basic, uniq_natasha
D:3:      layout_basic, nicolae_uskayaw_en_pointe, uniq_grinder
D:4:      layout_loops_cross, marbit_many_paths, overflow_temple_1_default

Skill      XL: |  1  2  3  4  5 |
---------------+----------------+-----
Axes           | 2 3 |  3.0
Shields        | 3 |  3.3
Armour         | 3 |  3.2
Dodging        | 1 |  1.3
Fighting       | 4 |  4.1

Action                   |  1- 3 |  4- 6 || total
-------------------------+-------+-------++-------
Melee: War axe           |    80 |    75 ||   155
  Use: Potion            |       |     1 ||     1
Armor: Scale mail        |    35 |    29 ||    64
Dodge: Dodged            |    34 |    43 ||    77
Block: Buckler           |    15 |    20 ||    35

Table legend: (Time is in decaauts)
 A = Elapsed time spent in this place.
 B = Non-inter-level travel time spent in this place.
 C = Inter-level travel time spent in this place.
 D = Time resting spent in this place.
 E = Time spent auto-exploring this place.
 F = Levels seen in this place.
 G = Mean time per level.
                   A        B        C        D        E       F      G
               +--------+--------+--------+--------+--------+-----+--------+
         Total |   3396 |   3373 |     23 |    751 |   1879 |   4 |  849.0 |
       Dungeon |   3396 |   3373 |     23 |    751 |   1879 |   4 |  849.0 |
               +--------+--------+--------+--------+--------+-----+--------+

Top non-repeatable levels by time:
     D:2: 1729 daAuts
     D:1: 1331 daAuts
     D:3: 263 daAuts
     D:4: 72 daAuts
